 Dungeon Crawl Stone Soup version 0.27.0-1-g7a089689b8 (webtiles) character file.

Game seed: 13158890730896006900

4876 dtburroughs the Fighter (level 10, -2/90 HPs)
             Began as a Minotaur Berserker on Aug 7, 2021.
             Was an Elder of Trog.
             Slain by a freezing wraith (10 damage)
             ... on level 9 of the Dungeon on Aug 8, 2021.
             The game lasted 00:20:15 (11767 turns).

dtburroughs the Fighter (Minotaur Berserker)       Turns: 11767, Time: 00:20:16

Health: -2/90      AC: 18    Str: 22    XL:     10   Next: 26%
Magic:  9/9        EV:  5    Int:  7    God:    Trog [****..]
Gold:   462        SH: 15    Dex: 10    Spells: 9/9 levels left

rFire    . . .     SeeInvis .   b - +1 hand axe (drain)
rCold    . . .     Faith    .   q - +0 tower shield
rNeg     . . .     Spirit   .   J - +0 plate armour
rPois    +         Reflect  .   E - +1 hat
rElec    .         Harm     .   I - +1 cloak {rPois}
rCorr    .         Rampage  .   m - +0 pair of gloves
Will     +....                  (no boots)
Stlth    ..........             (no amulet)
HPRegen  0.25/turn              s - ring of willpower
MPRegen  0.11/turn              (no ring)

@: slowed, studying Stealth, very slow
A: horns 2, retaliatory headbutt
a: Renounce Religion, Berserk, Trog's Hand, Brothers in Arms


You were on level 9 of the Dungeon.
You worshipped Trog.
Trog was greatly pleased with you.
You visited 1 branch of the dungeon, and saw 9 of its levels.
You also visited: Sewer.

You collected 462 gold pieces.

Inventory:

Hand Weapons
 b - a +1 hand axe of draining (weapon)
 D - a +1 battleaxe
 N - a +0 war axe
 O - a +0 morningstar
Armour
 i - the +18 shield of the Gong {rElec rN+ Will+ EV-5}
   (You found it on level 8 of the Dungeon)

   It is deafeningly noisy when blocking attacks.
   EV:        It affects your evasion (-5).
   rElec:     It insulates you from electricity.
   rN:        It protects you from negative energy.
   Will:      It increases your willpower.
 m - a +0 pair of gloves (worn)
 q - a +0 tower shield (worn)
 E - a +1 hat (worn)
 I - a +1 cloak of poison resistance (worn)
 J - a +0 plate armour (worn)
Jewellery
 s - a ring of willpower (left hand)
 M - a ring of protection from cold
Wands
 n - a wand of flame (57)
 r - a wand of iceblast (5)
 v - a wand of charming (10)
 F - a wand of polymorph (14)
 L - a wand of acid (7)
 P - a wand of mindburst (19)
Scrolls
 a - a scroll of fear {unknown}
 d - 5 scrolls of identify
 e - 4 scrolls of teleportation
 h - 4 scrolls of enchant armour
 k - 4 scrolls of blinking
 u - 2 scrolls of silence {unknown}
 w - a scroll of vulnerability {unknown}
 x - 2 scrolls of amnesia {unknown}
 y - 4 scrolls of noise {unknown}
 A - 2 scrolls of fog {unknown}
 C - a scroll of brand weapon {unknown}
 G - a scroll of enchant weapon {unknown}
 H - a scroll of holy word {unknown}
 K - a scroll of summoning {unknown}
Potions
 c - a potion of cancellation
 f - a potion of heal wounds
 g - 3 potions of curing {unknown}
 j - 4 potions of haste
 l - 2 potions of invisibility
 o - 2 potions of resistance {unknown}
 p - 2 potions of lignification {unknown}
 t - 3 potions of mutation {unknown}
 z - 3 potions of attraction {unknown}
 B - a potion of brilliance {unknown}
 Q - a potion of magic {unknown}


   Skills:
 + Level 8.7 Fighting
 + Level 8.7 Axes
 + Level 8.3 Armour
 + Level 7.5 Dodging
 + Level 6.6 Shields
 + Level 4.3 Evocations


You had 9 spell levels left.
You didn't know any spells.
Your spell library was empty.

Dungeon Overview and Level Annotations

Branches:
Dungeon (9/15)             Temple (0/1) D:4           Sewer (visited)
   Lair: D:8-11         Orc: D:9-12

Altars:
Dithmenos
Gozag
Hepliaklqana
Kikubaaqudgha

Shops:
D:7 [   D:8 [

Annotations:
D:3 1 runed translucent door, spiderkeys's ghost, amateur VSEn
D:7 3 runed translucent doors, Ekaitz's ghost, novice DEEE; ProzacElf's ghost, novice TrWz; backslashecho's ghost, novice MiMo; velxir3's ghost, novice OgFE


Innate Abilities, Weirdness & Mutations

You have a pair of horns on your head.
You reflexively headbutt those who attack you in melee.


Message History

The freezing wraith hits you. The freezing wraith freezes you!
You block the freezing wraith's attack.
You hit the freezing wraith but do no damage.
The freezing wraith hits you. The freezing wraith freezes you!
You block the freezing wraith's attack.
The freezing wraith hits you but does no damage.
The freezing wraith hits you! The freezing wraith drains your vigour!
You feel yourself slow down.
You hit the freezing wraith but do no damage.
The freezing wraith hits you. The freezing wraith freezes you!
The freezing wraith barely misses you. The freezing wraith hits you!
* * * LOW HITPOINT WARNING * * *
The freezing wraith freezes you!
* * * LOW HITPOINT WARNING * * *
The freezing wraith completely misses you.
You hit the freezing wraith.
The freezing wraith is lightly damaged.
You block the freezing wraith's attack. x2
You hit the freezing wraith but do no damage.
You headbutt the freezing wraith, but do no damage.
The freezing wraith is lightly damaged.
The freezing wraith hits you but does no damage.
You block the freezing wraith's attack. The freezing wraith barely misses you.
The freezing wraith hits you but does no damage.
You hit the freezing wraith but do no damage.
The freezing wraith is lightly damaged.
The freezing wraith hits you but does no damage.
The freezing wraith hits you.
* * * LOW HITPOINT WARNING * * *
The freezing wraith drains your vigour!
You feel as though you will be slow longer.
You block the freezing wraith's attack. x2
You slash the freezing wraith! You headbutt the freezing wraith.
The freezing wraith is moderately damaged.
You block the freezing wraith's attack. The freezing wraith hits you.
* * * LOW HITPOINT WARNING * * *
The freezing wraith drains your vigour!
You feel as though you will be slow longer.
The freezing wraith hits you!
You die...

.........#.'..........#
.........###..........#
######.### ############
#.###########
#.#.[.#...#.#
#.#.###.#.#$#
#.#.....#.#.#
###.#.###.#.#W# #.....#
#.#.#@# +.##### #.#.#.#
#. #.#...# # #######


You could see a freezing wraith.

Vanquished Creatures
  2 slime creatures (D:6)
  A wraith (D:9)
  A wyvern (D:9)
  2 steam dragons
  An acid dragon (D:9)
  Duvessa (D:4)
  A water moccasin (D:4)
  Purgy (Sewer)
  A sky beast (D:7)
  A black bear (D:5)
  2 orc warriors (D:8)
  2 ice beasts
  3 centaurs
  3 ogres
  2 phantoms
  A kobold brigand (D:6)
  A bullfrog (D:8)
  A wyvern zombie (D:7)
  2 gnoll sergeants
  A wyvern skeleton (D:7)
  6 scorpions
  2 water moccasin skeletons
  Dowan (D:4)
  4 wights (D:7)
  6 howler monkeys
  8 crimson imps (D:7)
  2 centaur zombies
  A bullfrog zombie (D:6)
  3 jellies (D:6)
  A hound (D:6)
  3 orc priests (D:8)
  A gnoll shaman (D:6)
  4 iguanas
  Natasha (thrice) (D:4)
  An orc wizard (D:8)
  2 killer bee zombies (D:6)
  Robin (D:4)
  A howler monkey zombie (D:8)
  3 gnolls
  6 adders
  A white imp (D:7)
  2 ufetubi
  An adder skeleton (D:4)
  A worm (D:2)
  A dart slug (D:1)
  16 orcs
  7 ball pythons
  11 endoplasms
  11 giant cockroaches
  18 goblins
  8 hobgoblins
  4 jackals (D:4)
  9 kobolds
  3 quokkas
  10 bats
  13 frilled lizards
  A jackal skeleton (D:4)
  5 rats
211 creatures vanquished.

Vanquished Creatures (others)
  8 fungi (D:6)
  5 toadstools (D:6)
  2 withered plants (D:7)
15 creatures vanquished.

Grand Total: 226 creatures vanquished

Notes
Turn   | Place    | Note
-------+----------+-------------------------------------------
     0 | D:1      | dtburroughs the Minotaur Berserker began the quest for the
                  | Orb.
     0 | D:1      | Reached XP level 1. HP: 19/19 MP: 0/0
   220 | D:1      | Reached XP level 2. HP: 27/27 MP: 1/1
   650 | D:1      | Found a faded altar of an unknown god.
  1058 | D:2      | Reached XP level 3. HP: 31/33 MP: 2/2
  1308 | D:2      | Reached ** piety under Trog
  1640 | D:2      | Reached XP level 4. HP: 36/41 MP: 3/3
  2109 | D:3      | Found a glowing drain.
  2128 | Sewer    | Entered a sewer
  2185 | Sewer    | Noticed Purgy
  2195 | Sewer    | Killed Purgy
  2196 | Sewer    | Reached XP level 5. HP: 47/47 MP: 4/4
  2614 | D:3      | Reached skill level 5 in Fighting
  2742 | D:3      | Noticed spiderkeys's ghost (amateur VSEn)
  2742 | D:3      | You fall into a shaft and drop 1 floor!
  2805 | D:4      | Reached skill level 5 in Axes
  2833 | D:4      | Noticed Dowan
  2859 | D:4      | Killed Dowan
  2860 | D:4      | Reached XP level 6. HP: 56/56 MP: 5/5
  2906 | D:4      | Noticed Robin
  2914 | D:4      | Reached *** piety under Trog
  2916 | D:4      | Killed Robin
  3072 | D:4      | Noticed Natasha
  3087 | D:4      | Killed Natasha
  3250 | D:4      | Noticed Natasha
  3256 | D:4      | Killed Natasha
  3264 | D:4      | Noticed Duvessa
  3265 | D:4      | Found a staircase to the Ecumenical Temple.
  3278 | D:4      | Killed Duvessa
  3279 | D:4      | Reached skill level 1 in Shields
  3592 | D:4      | Noticed Natasha
  3607 | D:4      | Killed Natasha
  3847 | D:5      | Entered Level 5 of the Dungeon
  3903 | D:3      | Found a runed translucent door.
  4301 | D:5      | Reached XP level 7. HP: 60/62 MP: 6/6
  4338 | D:5      | Reached skill level 5 in Armour
  4467 | D:5      | Found an ancient bone altar of Kikubaaqudgha.
  4772 | D:5      | Reached skill level 5 in Dodging
  5565 | D:5      | Reached XP level 8. HP: 71/71 MP: 7/7
  6017 | D:5      | Reached skill level 1 in Evocations
  6613 | D:6      | Noticed a slime creature
  6647 | D:6      | Killed a slime creature
  7418 | D:6      | Reached XP level 9. HP: 79/79 MP: 8/8
  7697 | D:6      | Reached skill level 5 in Shields
  8123 | D:6      | Reached **** piety under Trog
  9682 | D:7      | Found a runed translucent gate.
  9682 | D:7      | Found a runed translucent gate.
  9682 | D:7      | Found a runed translucent gate.
  9683 | D:7      | Noticed backslashecho's ghost (novice MiMo)
  9683 | D:7      | Noticed ProzacElf's ghost (novice TrWz)
  9683 | D:7      | Noticed Ekaitz's ghost (novice DEEE)
  9685 | D:7      | Noticed velxir3's ghost (novice OgFE)
 10052 | D:7      | Found Syahymet's Antique Armour Shop.
 10195 | D:8      | Found Noavaun's Armour Emporium.
 10368 | D:8      | Reached XP level 10. HP: 89/89 MP: 9/9
 10557 | D:8      | Found the +18 shield of the Gong {rElec rN+ Will+ EV-5}
 11426 | D:9      | Found a hazy altar of Hepliaklqana.
 11492 | D:9      | Found an opulent altar of Gozag.
 11588 | D:9      | Found a shadowy altar of Dithmenos.
 11767 | D:9      | Slain by a freezing wraith

Illustrated notes

Levels and vault maps discovered:
D:1:      dpeg_arrival_water_temple_mockup, layout_loops_ring,
          ebering_ecumenical_altar_abandoned
D:2:      layout_loops_ring, chequers_serial_rivers_room_a,
          minmay_pentomino_pile
D:3:      layout_loops_ring, portal_sewer_entry_f,
          hellmonk_ghost_happy_afterlife
D:4:      layout_basic, temple_fountains, enter_ossuary_1, uniq_duvessa,
          uniq_natasha, uniq_robin
D:5:      layout_basic, mainiacjoe_overflow_boulevard, minmay_pentangle
D:6:      cheibrodos_fertilizer, layout_loops_corners, minmay_manual_mail
D:7:      layout_cave_pools, gammafunk_ghost_cemetery, serial_shops,
          nicolae_take_the_stairs, minmay_nine_imps
D:8:      layout_basic, minmay_holes, nicolae_stop_n_shop_1,
          hangedman_decor_lopped, chequers_serial_rivers_micro_b
D:9:      layout_roguey, mainiacjoe_overflow_24_doors,
          lemuel_coloured_pillars_altar, grunt_dithmenos_smoke_and_mirrors,
          wad_mini_maze

Skill      XL: |  1  2  3  4  5  6  7  8  9 10 |
---------------+-------------------------------+-----
Fighting       | 4 5 6 7 8 |  8.7
Axes           | 4 5 6 7 8 |  8.7
Armour         | 3 4 5 6 7 8 |  8.3
Dodging        | 3 4 5 6 7 |  7.5
Shields        | 1 3 4 6 |  6.6
Evocations     | 2 3 4 |  4.3

Action                   |  1- 3 |  4- 6 |  7- 9 | 10-12 || total
-------------------------+-------+-------+-------+-------++-------
Melee: Hand axe          |    92 |   165 |   394 |   107 ||   758
       Headbutt          |     9 |    24 |    75 |    15 ||   123
Invok: Berserk           |       |     4 |     3 |       ||     7
       Trog's Hand       |       |     2 |     2 |     1 ||     5
  Use: Scroll            |       |       |     5 |       ||     5
       Potion            |       |       |     3 |       ||     3
 Stab: Sleeping          |     1 |       |       |       ||     1
Armor: Animal skin       |    16 |       |       |       ||    16
       Chain mail        |       |    98 |   209 |    17 ||   324
       Plate armour      |       |       |       |    52 ||    52
Dodge: Dodged            |    69 |    74 |    68 |    20 ||   231
Block: Tower shield      |       |    47 |   394 |   105 ||   546
